 Dungeon Crawl Stone Soup version 0.29-a0-878-g7b45a56547 (webtiles) character file.

Game seed: 9871139316934542441

107 zishaf the Sneak (level 4, -1/23 HPs)
             Began as a Vine Stalker Brigand on July 19, 2022.
             Killed by divine providence
             ... invoked by an orc priest
              (12 damage)
             ... on level 3 of the Dungeon.
             The game lasted 00:02:58 (2241 turns).

zishaf the Sneak (Vine Stalker Brigand)             Turns: 2241, Time: 00:02:59

Health: -1/23      AC:  5    Str: 13    XL:     4   Next: 86%
Magic:  0/5        EV: 11    Int: 11    God:
Gold:   13         SH:  5    Dex: 18    Spells: 3/3 levels left

rFire   + . .      SeeInvis .   a - +2 dagger
rCold   + . .      Faith    .   (no shield)
rNeg    . . .      Spirit   +   i - +0 ring mail
rPois   +          Reflect  +   (no helmet)
rElec   .          Harm     .   j - scarf {rC+ rF+}
rCorr   +          Rampage  .   (no gloves)
Will    .....                   (no boots)
Stlth   +++.......              k - amulet of reflection
HPRegen 0.87/turn               l - ring of resist corrosion
MPRegen 0.09/turn               o - ring of poison resistance

@: no status effects
A: fangs 2, regeneration 1, magic shield, antimagic bite, no potion heal 2
a: no special abilities


You were on level 3 of the Dungeon.
You visited 1 branch of the dungeon, and saw 3 of its levels.

You collected 118 gold pieces.
You spent 105 gold pieces at shops.

Inventory:

Hand Weapons
 a - a +2 dagger (weapon)
Missiles
 d - 9 poisoned darts (quivered)
 e - 3 curare-tipped darts
Armour
 b - a +0 robe
 c - a +0 cloak
 i - a +0 ring mail (worn)
 j - a scarf of resistance (worn)
Jewellery
 k - an amulet of reflection (around neck)
 l - a ring of resist corrosion (left hand)
 o - a ring of poison resistance (right hand)
Scrolls
 g - 2 scrolls of blinking
 h - a scroll of summoning {unknown}
 m - a scroll of teleportation {unknown}
 n - a scroll of immolation {unknown}
 q - a scroll of poison {unknown}
 r - a scroll of identify {unknown}
Potions
 f - 2 potions of curing {unknown}
 p - 2 potions of might {unknown}


   Skills:
 + Level 2.4 Fighting
 + Level 2.5 Short Blades
 + Level 2.5 Throwing
 + Level 1.6 Dodging
 + Level 5.4 Stealth


You had 3 spell levels left.
You didn't know any spells.
Your spell library contained the following spells:

 Spells                   Type           Power      Damage    Failure   Level
 Ensorcelled Hibernation  Hex/Ice        0%         N/A       75%         2
 Static Discharge         Conj/Air       0%         3-3/arc   75%         2
 Frozen Ramparts          Ice            0%         1d2       93%         3
 Dispel Undead            Necr           0%         3d6       100%        4
 Hailstorm                Conj/Ice       0%         3d3       100%        4
 Ice Form                 Ice/Tmut       0%         N/A       100%        4
 Sticky Flame             Conj/Fire      0%         2d3       100%        4
 Summon Ice Beast         Ice/Summ       0%         N/A       100%        4
 Statue Form              Tmut/Erth      0%         N/A       100%        6


Dungeon Overview and Level Annotations

Branches:
Dungeon (3/15)

Altars:
Gozag

Shops:
D:1 *


Innate Abilities, Weirdness & Mutations

You have extremely sharp teeth.
Your natural rate of healing is unusually fast.
When hurt, damage is shared between your health and your magic reserves.
Your bite disrupts and absorbs the magic of your enemies.
Potions cannot restore your health.


Message History

The adder closely misses you. The adder attacks as you move away!
The adder bites you.
The orc wizard attacks as you move away!
You block the orc wizard's attack. The adder attacks as you move away!
You block the adder's attack.
A frilled lizard comes into view.
The orc wizard gestures wildly while chanting.
The orc wizard flickers and vanishes!
Deactivating autopickup; reactivate with Ctrl-A.
The orc priest looks encouraged for a moment.
The adder bites you but does no damage. The adder attacks as you move away!
The adder misses you. x2
The adder attacks as you move away! The adder closely misses you.
You hit the adder.
The adder is heavily wounded.
The adder barely misses you.
You hit the adder. Your bite misses the adder.
The adder is heavily wounded.
The adder bites you.
You closely miss the adder. Your bite misses the adder.
The adder is heavily wounded.
The adder barely misses you.
You hit the adder.
The adder is severely wounded.
You block the adder's attack.
You hit the adder. Your bite misses the adder.
The adder is almost dead.
The adder barely misses you. The adder bites you.
You hit the adder. You bite the adder.
You kill the adder!
You hear some strange, mumbled words.
A puff of flame appears from out of thin air!
The puff of flame hits you. You resist.
The orc priest mumbles some strange prayers to Beogh against you.
Beogh smites you! Something hits you but does no damage.
The orc priest mumbles some strange prayers to Beogh against you.
Beogh smites you!
Ouch! That really hurt!
You die...

#.........#.##.#..#
#.##...##.#.##.##.#..
#.##..............$..
#.###..##.#.##.##... . #.#
#..##.#.##.##.##.# #.#
#..##.#o##.#...r.# #.#
#....oo....(..##.### #.#
#..##........###...
#.###..##.#.##@#.###.######
#.........................#.
###...........†.............
#.#.....................###..
#)#...........####...........
#.###.#.#.###.####........#..
#.....#.#....................
#..####.........<............
#..# #....##.####..###...##.


You could see an orc priest, 2 orcs and a quokka (asleep).

Vanquished Creatures
  4 adders
  2 dart slugs (D:1)
  5 ball pythons
  8 endoplasms
  4 giant cockroaches
  7 goblins
  7 hobgoblins
  4 jackals (D:1)
  3 kobolds
  5 quokkas
  5 bats
  2 frilled lizards (D:1)
  3 rats
59 creatures vanquished.

Vanquished Creatures (others)
  25 plants (D:2)
25 creatures vanquished.

Grand Total: 84 creatures vanquished

Notes
Turn   | Place    | Note
-------+----------+-------------------------------------------
     0 | D:1      | zishaf the Vine Stalker Brigand began the quest for the
                  | Orb.
     0 | D:1      | Reached XP level 1. HP: 11/11 MP: 2/2
   349 | D:1      | Reached skill level 1 in Dodging
   349 | D:1      | Reached XP level 2. HP: 14/15 MP: 3/3
   377 | D:1      | Reached skill level 5 in Stealth
   737 | D:1      | Found Buowute's General Store.
   800 | D:1      | Reached XP level 3. HP: 18/18 MP: 4/4
  1248 | D:2      | Gained mutation: Your natural rate of healing is unusually
                  | fast. [Vine Stalker growth]
  1248 | D:2      | Reached XP level 4. HP: 19/23 MP: 3/5
  1337 | D:2      | Found an opulent altar of Gozag.
  1426 | D:2      | Got the Book of Unstable Hypothermia
  1644 | D:1      | Bought a scroll of blinking for 105 gold pieces
  2241 | D:3      | Killed from afar by an orc priest

Illustrated notes

Levels and vault maps discovered:
D:1:      onia_arrival_mini_maze_b, layout_rooms, serial_shops,
          nicolae_shop_behind_doors, ebering_dispersal_statue_hall
D:2:      wad_woods_stonehenge, layout_rooms
D:3:      layout_basic, kennysheep_orc_sif_temple, lemuel_tele_altar,
          minmay_circle_x

Skill      XL: |  1  2 |
---------------+-------+-----
Dodging        | 1 |  1.6
Short Blades   | 2 |  2.5
Stealth        | 5 |  5.4
Fighting       | 2 |  2.4
Throwing       | 2 |  2.5

Action                   |  1- 3 |  4- 6 || total
-------------------------+-------+-------++-------
Melee: Dagger            |    94 |    73 ||   167
       Bite              |    22 |    15 ||    37
       Punch             |     1 |       ||     1
 Stab: Sleeping          |     9 |     2 ||    11
       Distracted        |     1 |       ||     1
Armor: Robe              |     6 |       ||     6
       Ring mail         |    17 |    15 ||    32
Dodge: Dodged            |    37 |    36 ||    73
Block: Other             |    10 |    15 ||    25

Table legend: (Time is in decaauts)
 A = Elapsed time spent in this place.
 B = Non-inter-level travel time spent in this place.
 C = Inter-level travel time spent in this place.
 D = Time resting spent in this place.
 E = Time spent auto-exploring this place.
 F = Levels seen in this place.
 G = Mean time per level.
                   A        B        C        D        E       F      G
               +--------+--------+--------+--------+--------+-----+--------+
         Total |   2222 |   2129 |     93 |    406 |   1320 |   3 |  740.7 |
       Dungeon |   2222 |   2129 |     93 |    406 |   1320 |   3 |  740.7 |
               +--------+--------+--------+--------+--------+-----+--------+

Top non-repeatable levels by time:
     D:1: 1156 daAuts
     D:2: 967 daAuts
     D:3: 98 daAuts
